AoeStats
← arthur

Pilgrims

508197872Analyzed
2v2 RM · 11d ago on Sep 21, 2026· 25m 48s· 4 players
Game mode
Random Map
Map size
Medium (4 player)
Population
200
Speed
Normal
Resources
Standard
Victory
Conquest
Starting age
Dark Age
Ending age
Imperial Age
RankedLock teamsTeams togetherTeam positionsShared explorationLock speedFull tech treeHidden civsTurbo modeCheats
Victory
Defeat
🇦🇷 Hindustanis · Argentina
1396
+12
🇫🇷 Britons · France
1353
+13
🇨🇳 Celts · China
1314
-13
🇩🇪 Franks · Germany
1294
-12
aReIF
5:15 Loom
9:00 Feudal Age
10:13 Double-Bit Axe
10:42 Fletching
17:51 Castle Age
19:06 Medium Warships
18:54 Bodkin Arrow
24:28 Town Watch
arthur
2:57 Loom
10:16 Feudal Age
11:23 Double-Bit Axe
15:55 Castle Age
14:12 Fletching
14:46 Gold Mining
16:35 Bodkin Arrow
16:27 Crossbowman
18:06 Bow Saw
18:34 Gold Shaft Mining
19:23 Horse Collar
21:15 Fishing Lines
22:02 Heavy Plow
23:31 Padded Archer Armor
26:14 Ballistics
Wanda Lismus
10:22 Feudal Age
11:41 Loom
12:28 Fletching
17:34 Castle Age
17:55 Padded Archer Armor
18:09 Double-Bit Axe
18:21 Bodkin Arrow
3333
4:25 Loom
11:07 Feudal Age
16:10 Castle Age
14:04 Gold Mining
14:50 Town Watch
17:30 Medium Warships
17:00 Fishing Lines
17:22 Double-Bit Axe
18:36 Bow Saw
19:03 Gold Shaft Mining
21:56 Scale Mail Armor
24:50 Wheelbarrow
25:40 Chain Mail Armor
Connection lost

Rejoining the realm…

Still unreachable

The connection could not be restored.

Session expired

The server has moved on; the page needs a fresh start.